 Dungeon Crawl Stone Soup version 0.19.1 (webtiles) character file.

534 ChaseSP the Chopper (level 7, -12/52 HPs)
             Began as a Formicid Fighter on Dec 2, 2016.
             Mangled by an ogre
             ... wielding a +0 giant club
              (25 damage)
             ... on level 4 of the Dungeon.
             The game lasted 00:06:16 (2801 turns).

ChaseSP the Chopper (Formicid Fighter)              Turns: 2801, Time: 00:06:16

Health: -12/52     AC: 10    Str: 25    XL:     7   Next: 50%
Magic:  7/7        EV:  6    Int:  7    God:
Gold:   191        SH: 10    Dex: 12    Spells: 0 memorised, 6 levels left

rFire  x . .     SeeInvis +     a - +0 war axe
rCold  + . .     Gourm    .     k - +0 chain mail
rNeg   . . .     Faith    .     c - +0 shield
rPois  .         Spirit   .     (helmet unavailable)
rElec  .         Reflect  .     (no cloak)
rCorr  .         Harm     +     m - +0 pair of gloves
MR     .....                    (no boots)
Stlth  ..........               o - amulet of harm
                                E - ring of ice
                                q - +4 ring of strength

@: no status effects
A: permanent stasis, dig shafts and tunnels, four strong arms, antennae 3
a: Dig, Shaft Self


You were on level 4 of the Dungeon.
You were not hungry.

You visited 1 branch of the dungeon, and saw 4 of its levels.

You collected 191 gold pieces.

Inventory:

Hand Weapons
 a - a +0 war axe (weapon)
 w - a +0 mace of protection
 C - a +0 flail
Armour
 b - a +0 scale mail
 c - a +0 shield (worn)
 k - a +0 chain mail (worn)
 m - a +0 pair of gloves (worn)
Jewellery
 o - an amulet of harm (around neck)
 q - a +4 ring of strength (left hand)
 E - a ring of ice (right hand)
Scrolls
 e - a scroll of fear
 h - 3 scrolls of enchant armour {unknown}
 j - a scroll of magic mapping {unknown}
 p - a scroll of identify
 s - 2 scrolls of noise {unknown}
 x - a scroll of teleportation {unknown}
 y - a scroll of random uselessness
 B - 3 scrolls of remove curse {unknown}
Potions
 d - a potion of might
 g - 2 potions of heal wounds {unknown}
 n - a potion of agility {unknown}
 r - 3 potions of brilliance
 t - a potion of ambrosia {unknown}
 u - a potion of mutation {unknown}
 A - a potion of lignification {unknown}
 D - a potion of resistance {unknown}
 F - 2 potions of flight {unknown}
 G - 2 potions of berserk rage {unknown}
Comestibles
 f - 2 bread rations
 i - a beef jerky
 l - 3 meat rations
 v - a slice of pizza


   Skills:
 - Level 3.2 Fighting
 * Level 7.5 Axes
 - Level 3.2 Armour
 - Level 4.2 Shields


You had 6 spell levels left.
You didn't know any spells.

Dungeon Overview and Level Annotations

Branches:
Dungeon (4/15)
 Temple: D:4-7

Altars:
Dithmenos
Kikubaaqudgha
Xom
Zin

Shops:
D:4 =


Innate Abilities, Weirdness & Mutations

You are under a permanent stasis effect.
You can dig through walls and to a lower floor.
Your four strong arms can wield two-handed weapons with a shield.
You have a pair of large antennae on your head. (SInv)


Message History

You see here a leopard gecko corpse.
You now have 191 gold pieces (gained 13).
You sense a monster nearby.
An ogre comes into view. It is wielding a giant club.
The ogre shouts!
An ogre is nearby!
You slash the ogre!
The ogre is heavily wounded.
The ogre hits you with a giant club!!
You hit the ogre.
The ogre is heavily wounded.
The ogre hits you with a giant club!
* * * LOW HITPOINT WARNING * * *
You are too injured to fight recklessly!
You are too injured to fight recklessly!
You are too injured to fight recklessly!
You hit the ogre.
The ogre is severely wounded.
The ogre hits you with a giant club!!
You die...

##################
........†........#
################@#
#O# #.# #.# #.#
#.# ... ...


You could see an ogre.

Vanquished Creatures
  Sigmund (D:2)
  A gnoll shaman (D:4)
  An orc priest (D:3)
  2 orc wizards (D:4)
  A worker ant (D:4)
  Terence (D:2)
  6 adders
  4 gnolls (D:2)
  2 oozes
  2 worms
  3 dart slugs
  5 leopard geckos
  9 orcs
  A ball python (D:3)
  3 giant cockroaches (D:1)
  7 goblins
  5 hobgoblins
  3 jackals
  A quokka (D:3)
  8 bats
  4 frilled lizards
  17 kobolds
  10 rats
97 creatures vanquished.

Notes
Turn   | Place    | Note
-------+----------+-------------------------------------------
     0 | D:1      | ChaseSP the Formicid Fighter began the quest for the Orb.
     0 | D:1      | Reached XP level 1. HP: 18/18 MP: 1/1
   121 | D:1      | Reached XP level 2. HP: 17/24 MP: 2/2
   255 | D:1      | Reached skill level 3 in Axes
   338 | D:1      | Reached XP level 3. HP: 29/29 MP: 3/3
   946 | D:2      | Noticed Sigmund
   963 | D:2      | Killed Sigmund
   963 | D:2      | Reached skill level 5 in Axes
   963 | D:2      | Reached XP level 4. HP: 29/35 MP: 4/4
   963 | D:2      | Reached XP level 5. HP: 34/41 MP: 5/5
   963 | D:2      | Reached XP level 6. HP: 39/47 MP: 6/6
   991 | D:2      | Found an ancient bone altar of Kikubaaqudgha.
  1096 | D:2      | Noticed Terence
  1103 | D:2      | Reached skill level 6 in Axes
  1105 | D:2      | Killed Terence
  1730 | D:3      | Found a shadowy altar of Dithmenos.
  2376 | D:3      | Reached XP level 7. HP: 51/52 MP: 7/7
  2456 | D:3      | Noticed an angel
  2459 | D:3      | Found a glowing silver altar of Zin.
  2466 | D:3      | Found a shimmering altar of Xom.
  2528 | D:4      | Reached skill level 7 in Axes
  2734 | D:4      | Found Zochesoe's Jewellery Shop.
  2801 | D:4      | Mangled by an ogre

Skill      XL: |  1  2  3  4  5  6  7 |
---------------+----------------------+-----
Axes           | 3 5 6 7 |  7.5
Shields        | 4 |  4.2
Fighting       | |  3.2
Armour         | |  3.2

Action                   |  1- 3 |  4- 6 |  7- 9 || total
-------------------------+-------+-------+-------++-------
Melee: War axe           |    90 |   164 |    54 ||   308
  Use: Potion            |     1 |       |       ||     1
       Scroll            |       |     3 |       ||     3
  Eat: Chunk             |       |     5 |     2 ||     7
Armor: Scale mail        |    29 |       |       ||    29
       Chain mail        |    32 |    83 |    16 ||   131
Dodge: Dodged            |    28 |    61 |     8 ||    97
Block: Shield            |    59 |   103 |    23 ||   185
